Canucks vs Avalanche

Created - 24 mars 2018 at 22:47

Goals
1 2 3 T
Canucks 2 0 0 2
Avalanche 2 1 2 5
Shots
1 2 3 T
Canucks 4 14 11 29
Avalanche 7 8 11 26

1st period

1. Canucks , Patrick Marleau 22 (Evgeny Kuznetsov 46, Alex Petrovic 14) at 3:11
2. Canucks , Alex Pietrangelo 13 (Erik Karlsson 55, Adam Henrique 37) at 4:52
3. Avalanche , Mitch Marner 17 (Martin Hanzal 34, Alexander Steen 30) at 7:05
4. Avalanche , Derek Stepan 17 (Mats Zuccarello 44, Kevin Shattenkirk 38) at 14:40

Penalties :
Alex Pietrangelo (VAN) for Slashing (Minor) at 0:40, Kevin Shattenkirk (COL) for Holding (Minor) at 18:37

2nd period

5. Avalanche , Alexander Steen 28 (Mitch Marner 31) at 6:18

Penalties :
Evander Kane (VAN) for Hooking (Minor) at 10:43

3rd period

6. Avalanche , Max Domi 10 (Kevin Shattenkirk 39, Jaccob Slavin 23) at 0:58
7. Avalanche , Martin Hanzal 18 (Alexander Steen 31, Mitch Marner 32) at 14:58

Penalties :
Deryk Engelland (COL) for Interference (Minor) at 5:09, Sami Vatanen (COL) for Hooking (Minor) at 7:27, Jonathan Marchessault (VAN) for Slashing (Minor) at 16:44

Goalie Stats

Petr Mrazek (VAN), 14 saves from 18 shots - (0.778), L, 6-8-0, 40:58 minutes
Devan Dubnyk (VAN), 7 saves from 8 shots - (0.875), 19:02 minutes
Jake Allen (COL), 27 saves from 29 shots - (0.931), W, 26-22-2, 60:00 minutes

Players Stats for Canucks

Player Name              G  A  P  +/- PIM S  H  SB GA TA FO     MP     PP MP  PK MP  
------------------------------------------------------------------------------------
Adam Henrique            0  1  1   1  0   2  0  0  0  0  9/24   18:59   1:44   4:01 
Alex Petrovic            0  1  1   1  0   2  3  0  0  0  0/0    12:43   0:00   0:49 
Alex Pietrangelo         1  0  1  -2  2   1  1  0  0  0  0/0    23:48   2:44   2:12 
Brayden Point            0  0  0  -3  0   1  0  0  0  0  5/13   11:50   0:00   0:00 
Chris Kreider            0  0  0   1  0   3  0  0  0  0  1/2    16:15   1:44   1:17 
Cody Ceci                0  0  0  -2  0   1  3  0  0  0  0/0    22:26   3:13   2:28 
Erik Karlsson            0  1  1  -2  0   4  0  4  0  0  0/0    25:06   2:44   3:29 
Evander Kane             0  0  0  -3  2   3  4  0  0  0  1/3    14:59   0:39   2:31 
Evgeny Kuznetsov         0  1  1   0  0   2  0  0  0  0  7/28   20:33   3:34   0:00 
Jonathan Marchessault    0  0  0   1  2   0  0  0  0  0  0/0    14:57   1:44   0:00 
Logan Shaw               0  0  0  -1  0   2  0  0  0  0  0/0     7:22   0:00   1:19 
Marcus Kruger            0  0  0  -1  0   0  1  0  0  0  7/8     7:56   0:00   1:19 
Matt Duchene             0  0  0   0  0   1  1  0  0  0  0/0    21:12   4:13   0:00 
Mattias Ekholm           0  0  0  -2  0   0  0  2  0  0  0/0    22:54   3:13   2:56 
Nathan Beaulieu          0  0  0   1  0   1  0  0  0  0  0/0    11:54   0:00   0:00 
Patrick Marleau          1  0  1   0  0   2  1  0  0  0  2/3    21:36   4:13   0:24 
Robby Fabbri             0  0  0  -1  0   3  2  0  0  0  2/2     7:40   0:00   1:03 
Ryan Strome              0  0  0  -3  0   1  0  0  0  0  1/1    11:50   0:00   0:00 

Players Stats for Avalanche

Player Name              G  A  P  +/- PIM S  H  SB GA TA FO     MP     PP MP  PK MP  
------------------------------------------------------------------------------------
Alexander Steen          1  2  3   3  0   4  0  2  0  0  1/2    20:24   3:07   2:20 
Alexandre Burrows        0  0  0   0  0   2  2  0  0  0  0/1     6:27   0:00   3:37 
Brandon Carlo            0  0  0  -2  0   1  3  1  0  0  0/0    17:44   0:00   3:00 
David Krejci             0  0  0   1  0   2  5  0  0  0  12/22  21:04   3:07   0:29 
Derek Stepan             1  0  1   1  0   3  0  0  0  0  0/1    18:28   2:50   0:00 
Deryk Engelland          0  0  0  -2  2   0  3  2  0  0  0/0    19:21   0:00   1:37 
Dylan Larkin             0  0  0  -1  0   0  0  0  0  0  2/3    16:09   0:00   0:28 
Jaccob Slavin            0  1  1   2  0   1  0  1  0  0  0/0    20:55   2:54   2:44 
Kevin Shattenkirk        0  2  2   2  2   0  3  2  0  0  0/0    22:13   2:54   1:20 
Martin Hanzal            1  1  2   3  0   3  5  0  0  0  15/21  16:47   2:50   0:00 
Mats Zuccarello          0  1  1   1  0   1  1  0  0  0  0/0    18:45   3:07   0:00 
Matt Cullen              0  0  0   0  0   0  1  0  0  0  6/9     6:23   0:00   3:33 
Max Domi                 1  0  1  -1  0   2  1  0  0  0  1/2    15:41   0:00   0:00 
Mitch Marner             1  2  3   3  0   2  0  0  0  0  3/4    16:47   2:50   0:00 
Sami Vatanen             0  0  0   3  2   1  0  0  0  0  0/0    18:24   3:03   0:00 
Tomas Hertl              0  0  0  -1  0   4  1  0  0  0  9/19   17:08   0:00   1:27 
Tyson Barrie             0  0  0   0  0   0  0  0  0  0  0/0     0:40   0:00   0:40 
Zach Werenski            0  0  0   3  0   0  0  0  0  0  0/0    20:40   3:03   2:33 

3 Stars

1 - Martin Hanzal (COL)
2 - Alexander Steen (COL)
3 - Mitch Marner (COL)

Power Play

Canucks - 0 on 3 Attempt(s) - 0.00%
Avalanche - 0 on 3 Attempt(s) - 0.00%

Penalty Kill

Canucks - 3 on 3 Attempt(s) - 100.00% - Score 0 goal in Penalty Kill
Avalanche - 3 on 3 Attempt(s) - 100.00% - Score 0 goal in Penalty Kill

Team Stat

Canucks - Hits : 16 - Faceoff Wins : 35 - Blocked Shots : 6 - Penalty Minutes : 6
Avalanche - Hits : 25 - Faceoff Wins : 49 - Blocked Shots : 8 - Penalty Minutes : 6

Official

Referees : Jean Hebert and Chris Rooney
Linesman : Scott Cherrey and Brad Kovachik

Game Notes

Devan Dubnyk enters game at 0:58 of 3rd period

Finance

Level 1 -- Attendance: 5789 (89.06%) -- Ticket Income 590 478 $
Level 2 -- Attendance: 4544 (90.88%) -- Ticket Income 340 800 $
Level 3 -- Attendance: 3295 (94.14%) -- Ticket Income 181 225 $
Level 4 -- Attendance: 2007 (100.00%) -- Ticket Income 90 315 $
Luxury Box -- Attendance: 894 (89.40%) -- Ticket Income 178 800 $
Game was played at the Pepsi Center.
Total Attendance: 16529 (91.79%)
Total Ticket Income: 1 381 618 $
Other Income: 207 243 $
Total Income: 1 588 861 $

% Time on Ice - Canucks

Lines # - Real PCT - Wanted PCT - Time Play
Normal Forward
1 - 35% - 37% - 16:59
2 - 28% - 32% - 13:14
3 - 25% - 20% - 11:50
4 - 13% - 11% - 6:03
Normal Defense
1 - 40% - 40% - 19:27
2 - 35% - 35% - 16:45
3 - 25% - 25% - 11:54
4 - 0% - 0% - 0:00
PP Forward
1 - 71% - 60% - 4:13
2 - 29% - 40% - 1:44
PP Defense
1 - 46% - 60% - 2:44
2 - 54% - 40% - 3:13
PK Forward
1 - 78% - 60% - 4:38
2 - 22% - 40% - 1:19
PK Defense
1 - 59% - 60% - 3:29
2 - 41% - 40% - 2:28
PK3 Forward
1 - 0% - 60%
2 - 0% - 40%
PK3 Defense
1 - 0% - 60%
2 - 0% - 40%
44 Forward
1 - 0% - 60%
2 - 0% - 40%
44 Defense
1 - 0% - 60%
2 - 0% - 40%
Last Minute Offensive  - 0:00
Last Minute Defensive  - 0:00
Total
Forward - 60:00
Defense - 60:00

% Time on Ice - Avalanche

Lines # - Real PCT - Wanted PCT - Time Play
Normal Forward
1 - 33% - 32% - 15:38
2 - 29% - 30% - 13:57
3 - 33% - 30% - 15:41
4 - 6% - 8% - 2:50
Normal Defense
1 - 32% - 32% - 15:17
2 - 31% - 30% - 15:04
3 - 31% - 28% - 14:44
4 - 6% - 10% - 3:01
PP Forward
1 - 52% - 50% - 3:07
2 - 48% - 50% - 2:50
PP Defense
1 - 49% - 50% - 2:54
2 - 51% - 50% - 3:03
PK Forward
1 - 76% - 60% - 4:30
2 - 24% - 40% - 1:27
PK Defense
1 - 57% - 60% - 3:24
2 - 43% - 40% - 2:33
PK3 Forward
1 - 0% - 60%
2 - 0% - 40%
PK3 Defense
1 - 0% - 60%
2 - 0% - 40%
44 Forward
1 - 0% - 50%
2 - 0% - 50%
44 Defense
1 - 0% - 50%
2 - 0% - 50%
Last Minute Offensive  - 0:00
Last Minute Defensive  - 0:00
Total
Forward - 60:00
Defense - 60:00

Play by Play

1st period


0:01 of 1st period - David Krejci wins face-off versus Evgeny Kuznetsov in neutral zone.
0:13 of 1st period - Derek Stepan is hit by Alex Pietrangelo and loses puck.
0:19 of 1st period - Icing by Erik Karlsson.
0:20 of 1st period - Martin Hanzal wins face-off versus Evgeny Kuznetsov in Canucks zone.
0:31 of 1st period - Shot by Martin Hanzal.
0:31 of 1st period - Shot Hit the Post.
0:40 of 1st period - Minor Penalty to Alex Pietrangelo for Slashing.
0:41 of 1st period - David Krejci wins face-off versus Adam Henrique in Canucks zone.
0:41 of 1st period - David Krejci is hit by Cody Ceci.
0:59 of 1st period - Shot by David Krejci.
0:59 of 1st period - Deflect By Alexander Steen.
0:59 of 1st period - Stopped by Petr Mrazek with a rebound.
1:36 of 1st period - Off-side.
1:37 of 1st period - Martin Hanzal wins face-off versus Adam Henrique in neutral zone.
1:40 of 1st period - Shot by Derek Stepan.
1:40 of 1st period - Shot Blocked by Erik Karlsson.
1:42 of 1st period - Shot by Sami Vatanen.
1:42 of 1st period - Shot Misses the Net.
1:54 of 1st period - Shot by Sami Vatanen.
1:54 of 1st period - Shot Blocked by Erik Karlsson.
2:04 of 1st period - Shot by Mitch Marner.
2:04 of 1st period - Deflect By Derek Stepan.
2:04 of 1st period - Stopped by Petr Mrazek without a rebound.
2:05 of 1st period - David Krejci wins face-off versus Marcus Kruger in Canucks zone.
2:15 of 1st period - Mats Zuccarello is hit by Alex Petrovic and loses puck.
2:55 of 1st period - Shot by Matt Duchene.
2:55 of 1st period - Shot Blocked by Deryk Engelland.
2:57 of 1st period - Shot by Nathan Beaulieu.
2:57 of 1st period - Stopped by Jake Allen with a rebound.
3:02 of 1st period - Patrick Marleau is hit by Deryk Engelland and loses puck.
3:09 of 1st period - Shot by Evgeny Kuznetsov.
3:09 of 1st period - Shot Misses the Net.
3:11 of 1st period - Shot by Patrick Marleau.
3:11 of 1st period - Goal by Patrick Marleau - Canucks : 1 - Avalanche : 0.
3:12 of 1st period - Matt Cullen wins face-off versus Brayden Point in neutral zone.
3:41 of 1st period - Cody Ceci is hit by Alexandre Burrows and loses puck.
4:52 of 1st period - Shot by Alex Pietrangelo.
4:52 of 1st period - Goal by Alex Pietrangelo - Canucks : 2 - Avalanche : 0.
4:53 of 1st period - Tomas Hertl wins face-off versus Evgeny Kuznetsov in neutral zone.
4:53 of 1st period - Deryk Engelland is hit by Matt Duchene and loses puck.
5:00 of 1st period - Icing by Evgeny Kuznetsov.
5:01 of 1st period - Evgeny Kuznetsov wins face-off versus Tomas Hertl in Canucks zone.
5:09 of 1st period - Icing by Dylan Larkin.
5:10 of 1st period - Marcus Kruger wins face-off versus Max Domi in Avalanche zone.
5:22 of 1st period - Icing by Alex Pietrangelo.
5:23 of 1st period - Marcus Kruger wins face-off versus David Krejci in Canucks zone.
6:21 of 1st period - Adam Henrique is hit by Kevin Shattenkirk and loses puck.
6:25 of 1st period - Icing by Kevin Shattenkirk.
6:26 of 1st period - Tomas Hertl wins face-off versus Evgeny Kuznetsov in Avalanche zone.
6:39 of 1st period - Shot by Tomas Hertl.
6:39 of 1st period - Stopped by Petr Mrazek without a rebound.
6:40 of 1st period - Martin Hanzal wins face-off versus Brayden Point in Canucks zone.
6:59 of 1st period - Shot by Martin Hanzal.
6:59 of 1st period - Shot Blocked by Mattias Ekholm.
7:05 of 1st period - Shot by Mitch Marner.
7:05 of 1st period - Goal by Mitch Marner - Canucks : 2 - Avalanche : 1.
7:06 of 1st period - Tomas Hertl wins face-off versus Adam Henrique in neutral zone.
7:14 of 1st period - Tomas Hertl is hit by Alex Petrovic and loses puck.
8:38 of 1st period - Shot by Derek Stepan.
8:38 of 1st period - Stopped by Petr Mrazek without a rebound.
8:39 of 1st period - Brayden Point wins face-off versus Martin Hanzal in Canucks zone.
8:48 of 1st period - Shot by Brayden Point.
8:48 of 1st period - Shot Blocked by Alexander Steen.
8:55 of 1st period - Mitch Marner is hit by Cody Ceci and loses puck.
9:00 of 1st period - Shot by Mitch Marner.
9:00 of 1st period - Shot Misses the Net.
9:20 of 1st period - Brandon Carlo is hit by Evander Kane and loses puck.
10:04 of 1st period - Matt Cullen is hit by Evander Kane and loses puck.
10:19 of 1st period - Sami Vatanen is hit by Evander Kane and loses puck.
14:01 of 1st period - Shot by Tomas Hertl.
14:01 of 1st period - Stopped by Petr Mrazek without a rebound.
14:02 of 1st period - Adam Henrique wins face-off versus David Krejci in Canucks zone.
14:06 of 1st period - Off-side.
14:07 of 1st period - David Krejci wins face-off versus Evander Kane in neutral zone.
14:36 of 1st period - Shot by David Krejci.
14:36 of 1st period - Shot Misses the Net.
14:38 of 1st period - Shot by Kevin Shattenkirk.
14:38 of 1st period - Shot Misses the Net.
14:40 of 1st period - Shot by Mats Zuccarello.
14:40 of 1st period - Deflect By Derek Stepan.
14:40 of 1st period - Goal by Derek Stepan - Canucks : 2 - Avalanche : 2.
14:41 of 1st period - Adam Henrique wins face-off versus Tomas Hertl in neutral zone.
14:55 of 1st period - Icing by Mattias Ekholm.
14:56 of 1st period - Martin Hanzal wins face-off versus Adam Henrique in Canucks zone.
15:02 of 1st period - Icing by Jonathan Marchessault.
15:03 of 1st period - Adam Henrique wins face-off versus David Krejci in Canucks zone.
15:03 of 1st period - Adam Henrique is hit by David Krejci.
15:06 of 1st period - Chris Kreider is hit by David Krejci and loses puck.
15:25 of 1st period - Shot by Adam Henrique.
15:25 of 1st period - Stopped by Jake Allen without a rebound.
15:26 of 1st period - Evgeny Kuznetsov wins face-off versus Martin Hanzal in Avalanche zone.
15:38 of 1st period - Matt Duchene is hit by Brandon Carlo.
17:16 of 1st period - Icing by Adam Henrique.
17:17 of 1st period - Dylan Larkin wins face-off versus Adam Henrique in Canucks zone.
17:47 of 1st period - Shot by Chris Kreider.
17:47 of 1st period - Shot Misses the Net.
17:52 of 1st period - Adam Henrique is hit by Kevin Shattenkirk and loses puck.
18:10 of 1st period - Matt Duchene is hit by Kevin Shattenkirk and loses puck.
18:37 of 1st period - Minor Penalty to Kevin Shattenkirk for Holding.
18:38 of 1st period - Matt Cullen wins face-off versus Evgeny Kuznetsov in Avalanche zone.
19:16 of 1st period - Matt Cullen is hit by Patrick Marleau and loses puck.
19:52 of 1st period - Icing by Mattias Ekholm.
19:53 of 1st period - Matt Cullen wins face-off versus Evgeny Kuznetsov in Canucks zone.
Goals for this period are 2 for Canucks vs 2 for Avalanche.
Shots for this period are 4 for Canucks vs 7 for Avalanche.

2nd period


0:01 of 2nd period - Evgeny Kuznetsov wins face-off versus Matt Cullen in neutral zone.
0:03 of 2nd period - Erik Karlsson is hit by Matt Cullen and loses puck.
1:34 of 2nd period - Icing by Nathan Beaulieu.
1:35 of 2nd period - Brayden Point wins face-off versus Martin Hanzal in Canucks zone.
1:35 of 2nd period - Brayden Point is hit by Martin Hanzal.
1:43 of 2nd period - Shot by Evander Kane.
1:43 of 2nd period - Stopped by Jake Allen with a rebound.
1:49 of 2nd period - Evander Kane is hit by Martin Hanzal.
2:13 of 2nd period - Shot by Mitch Marner.
2:13 of 2nd period - Stopped by Petr Mrazek without a rebound.
2:14 of 2nd period - Evgeny Kuznetsov wins face-off versus Dylan Larkin in Canucks zone.
2:27 of 2nd period - Shot by Patrick Marleau.
2:27 of 2nd period - Stopped by Jake Allen with a rebound.
3:44 of 2nd period - Shot by Martin Hanzal.
3:44 of 2nd period - Shot Misses the Net.
3:46 of 2nd period - Shot by Sami Vatanen.
3:46 of 2nd period - Stopped by Petr Mrazek without a rebound.
3:47 of 2nd period - Martin Hanzal wins face-off versus Adam Henrique in Canucks zone.
4:05 of 2nd period - Shot by Jonathan Marchessault.
4:05 of 2nd period - Shot Misses the Net.
4:07 of 2nd period - Shot by Chris Kreider.
4:07 of 2nd period - Shot Misses the Net.
4:09 of 2nd period - Shot by Chris Kreider.
4:09 of 2nd period - Stopped by Jake Allen with a rebound.
4:11 of 2nd period - Shot by Adam Henrique.
4:11 of 2nd period - Deflect By Jonathan Marchessault.
4:11 of 2nd period - Shot Misses the Net.
4:36 of 2nd period - Shot by Logan Shaw.
4:36 of 2nd period - Stopped by Jake Allen with a rebound.
4:38 of 2nd period - Shot by Logan Shaw.
4:38 of 2nd period - Shot Misses the Net.
4:40 of 2nd period - Shot by Alex Petrovic.
4:40 of 2nd period - Stopped by Jake Allen without a rebound.
4:41 of 2nd period - Ryan Strome wins face-off versus David Krejci in Avalanche zone.
5:20 of 2nd period - Shot by David Krejci.
5:20 of 2nd period - Stopped by Petr Mrazek without a rebound.
5:21 of 2nd period - Marcus Kruger wins face-off versus Tomas Hertl in Canucks zone.
5:21 of 2nd period - Marcus Kruger is hit by Tomas Hertl.
5:27 of 2nd period - Brandon Carlo is hit by Robby Fabbri and loses puck.
5:55 of 2nd period - Robby Fabbri is hit by Brandon Carlo and loses puck.
6:18 of 2nd period - Shot by Alexander Steen.
6:18 of 2nd period - Goal by Alexander Steen - Canucks : 2 - Avalanche : 3.
6:19 of 2nd period - David Krejci wins face-off versus Evgeny Kuznetsov in neutral zone.
6:42 of 2nd period - Shot by Mats Zuccarello.
6:42 of 2nd period - Deflect By Derek Stepan.
6:42 of 2nd period - Shot Misses the Net.
7:21 of 2nd period - Shot by Chris Kreider.
7:21 of 2nd period - Stopped by Jake Allen without a rebound.
7:22 of 2nd period - Martin Hanzal wins face-off versus Brayden Point in Avalanche zone.
7:41 of 2nd period - Shot by Ryan Strome.
7:41 of 2nd period - Shot Misses the Net.
7:51 of 2nd period - Shot by Evander Kane.
7:51 of 2nd period - Shot Misses the Net.
7:53 of 2nd period - Shot by Brayden Point.
7:53 of 2nd period - Shot Blocked by Alexander Steen.
8:20 of 2nd period - Shot by Chris Kreider.
8:20 of 2nd period - Stopped by Jake Allen without a rebound.
8:21 of 2nd period - Patrick Marleau wins face-off versus Tomas Hertl in Avalanche zone.
8:31 of 2nd period - Evgeny Kuznetsov is hit by Brandon Carlo.
8:34 of 2nd period - Patrick Marleau is hit by Deryk Engelland and loses puck.
8:47 of 2nd period - Shot by Evgeny Kuznetsov.
8:47 of 2nd period - Stopped by Jake Allen without a rebound.
8:48 of 2nd period - David Krejci wins face-off versus Adam Henrique in Avalanche zone.
8:53 of 2nd period - Mattias Ekholm is hit by David Krejci and loses puck.
9:02 of 2nd period - Shot by Mats Zuccarello.
9:02 of 2nd period - Stopped by Petr Mrazek without a rebound.
9:03 of 2nd period - Matt Cullen wins face-off versus Brayden Point in Canucks zone.
9:10 of 2nd period - Shot by Alexandre Burrows.
9:10 of 2nd period - Stopped by Petr Mrazek without a rebound.
9:11 of 2nd period - Tomas Hertl wins face-off versus Evgeny Kuznetsov in Canucks zone.
9:15 of 2nd period - Icing by Alex Pietrangelo.
9:16 of 2nd period - Patrick Marleau wins face-off versus Martin Hanzal in Canucks zone.
9:16 of 2nd period - Patrick Marleau is hit by Martin Hanzal.
9:22 of 2nd period - Evgeny Kuznetsov is hit by Martin Hanzal and loses puck.
10:28 of 2nd period - Shot by Tomas Hertl.
10:28 of 2nd period - Stopped by Petr Mrazek without a rebound.
10:29 of 2nd period - Brayden Point wins face-off versus Derek Stepan in Canucks zone.
10:43 of 2nd period - Minor Penalty to Evander Kane for Hooking.
10:44 of 2nd period - Adam Henrique wins face-off versus David Krejci in Canucks zone.
10:44 of 2nd period - Adam Henrique is hit by David Krejci.
11:45 of 2nd period - Shot by Martin Hanzal.
11:45 of 2nd period - Deflect By Mitch Marner.
11:45 of 2nd period - Shot Misses the Net.
11:54 of 2nd period - Off-side.
11:55 of 2nd period - Robby Fabbri wins face-off versus Martin Hanzal in neutral zone.
12:01 of 2nd period - Icing by Martin Hanzal.
12:02 of 2nd period - Robby Fabbri wins face-off versus Mitch Marner in Avalanche zone.
12:50 of 2nd period - Max Domi is hit by Alex Petrovic and loses puck.
13:03 of 2nd period - Shot by Evander Kane.
13:03 of 2nd period - Shot Hit the Post.
13:49 of 2nd period - Shot by Robby Fabbri.
13:49 of 2nd period - Stopped by Jake Allen without a rebound.
13:50 of 2nd period - David Krejci wins face-off versus Evgeny Kuznetsov in Avalanche zone.
15:09 of 2nd period - Shot by Alexander Steen.
15:09 of 2nd period - Shot Misses the Net.
15:28 of 2nd period - Icing by Jonathan Marchessault.
15:29 of 2nd period - Adam Henrique wins face-off versus Matt Cullen in Canucks zone.
15:47 of 2nd period - Shot by Alexandre Burrows.
15:47 of 2nd period - Stopped by Petr Mrazek without a rebound.
15:48 of 2nd period - Brayden Point wins face-off versus Tomas Hertl in Canucks zone.
16:09 of 2nd period - Shot by Evander Kane.
16:09 of 2nd period - Stopped by Jake Allen with a rebound.
16:11 of 2nd period - Shot by Erik Karlsson.
16:11 of 2nd period - Shot Blocked by Kevin Shattenkirk.
16:13 of 2nd period - Shot by Evander Kane.
16:13 of 2nd period - Shot Misses the Net.
16:15 of 2nd period - Shot by Erik Karlsson.
16:15 of 2nd period - Stopped by Jake Allen without a rebound.
16:16 of 2nd period - Martin Hanzal wins face-off versus Evgeny Kuznetsov in Avalanche zone.
16:29 of 2nd period - Icing by Matt Duchene.
16:30 of 2nd period - David Krejci wins face-off versus Evgeny Kuznetsov in Canucks zone.
16:55 of 2nd period - Icing by Alex Petrovic.
16:56 of 2nd period - Martin Hanzal wins face-off versus Evgeny Kuznetsov in Canucks zone.
17:02 of 2nd period - Icing by Nathan Beaulieu.
17:03 of 2nd period - Mitch Marner wins face-off versus Evgeny Kuznetsov in Canucks zone.
17:08 of 2nd period - Shot by Martin Hanzal.
17:08 of 2nd period - Shot Misses the Net.
17:16 of 2nd period - Shot by Matt Duchene.
17:16 of 2nd period - Shot Hit the Post.
18:34 of 2nd period - Shot by Robby Fabbri.
18:34 of 2nd period - Shot Misses the Net.
18:38 of 2nd period - Shot by Logan Shaw.
18:38 of 2nd period - Stopped by Jake Allen with a rebound.
18:40 of 2nd period - Shot by Cody Ceci.
18:40 of 2nd period - Stopped by Jake Allen without a rebound.
18:41 of 2nd period - Tomas Hertl wins face-off versus Brayden Point in Avalanche zone.
18:41 of 2nd period - Tomas Hertl is hit by Evander Kane.
19:05 of 2nd period - Shot by Evander Kane.
19:05 of 2nd period - Shot Misses the Net.
19:07 of 2nd period - Shot by Alex Petrovic.
19:07 of 2nd period - Stopped by Jake Allen without a rebound.
19:08 of 2nd period - Martin Hanzal wins face-off versus Evgeny Kuznetsov in Avalanche zone.
19:38 of 2nd period - Shot by Matt Duchene.
19:38 of 2nd period - Shot Misses the Net.
Goals for this period are 0 for Canucks vs 1 for Avalanche.
Shots for this period are 14 for Canucks vs 8 for Avalanche.

3rd period


0:01 of 3rd period - David Krejci wins face-off versus Adam Henrique in neutral zone.
0:20 of 3rd period - Shot by Mats Zuccarello.
0:20 of 3rd period - Shot Misses the Net.
0:22 of 3rd period - Shot by Mats Zuccarello.
0:22 of 3rd period - Shot Misses the Net.
0:24 of 3rd period - Shot by David Krejci.
0:24 of 3rd period - Shot Blocked by Mattias Ekholm.
0:26 of 3rd period - Shot by Deryk Engelland.
0:26 of 3rd period - Deflect By David Krejci.
0:26 of 3rd period - Stopped by Petr Mrazek with a rebound.
0:28 of 3rd period - Shot by Brandon Carlo.
0:28 of 3rd period - Stopped by Petr Mrazek without a rebound.
0:29 of 3rd period - Evgeny Kuznetsov wins face-off versus Tomas Hertl in Canucks zone.
0:58 of 3rd period - Shot by Max Domi.
0:58 of 3rd period - Goal by Max Domi - Canucks : 2 - Avalanche : 4.
0:58 of 3rd period - Devan Dubnyk enters game.
0:59 of 3rd period - David Krejci wins face-off versus Brayden Point in neutral zone.
1:38 of 3rd period - Shot by Brayden Point.
1:38 of 3rd period - Stopped by Jake Allen with a rebound.
1:57 of 3rd period - Icing by Deryk Engelland.
1:58 of 3rd period - Martin Hanzal wins face-off versus Evgeny Kuznetsov in Avalanche zone.
2:15 of 3rd period - Shot by Martin Hanzal.
2:15 of 3rd period - Deflect By Alexander Steen.
2:15 of 3rd period - Stopped by Devan Dubnyk with a rebound.
2:31 of 3rd period - Shot by Evgeny Kuznetsov.
2:31 of 3rd period - Shot Misses the Net.
2:33 of 3rd period - Shot by Erik Karlsson.
2:33 of 3rd period - Shot Misses the Net.
2:35 of 3rd period - Shot by Erik Karlsson.
2:35 of 3rd period - Stopped by Jake Allen without a rebound.
2:36 of 3rd period - Tomas Hertl wins face-off versus Adam Henrique in Avalanche zone.
2:55 of 3rd period - Shot by Tomas Hertl.
2:55 of 3rd period - Stopped by Devan Dubnyk with a rebound.
2:57 of 3rd period - Shot by Jaccob Slavin.
2:57 of 3rd period - Stopped by Devan Dubnyk without a rebound.
2:58 of 3rd period - Marcus Kruger wins face-off versus David Krejci in Canucks zone.
3:08 of 3rd period - Icing by Sami Vatanen.
3:09 of 3rd period - Evgeny Kuznetsov wins face-off versus David Krejci in Avalanche zone.
3:34 of 3rd period - Shot by Derek Stepan.
3:34 of 3rd period - Shot Misses the Net.
3:52 of 3rd period - Alex Pietrangelo is hit by Mats Zuccarello and loses puck.
4:12 of 3rd period - Icing by Derek Stepan.
4:13 of 3rd period - David Krejci wins face-off versus Adam Henrique in Avalanche zone.
4:51 of 3rd period - Adam Henrique is hit by Deryk Engelland and loses puck.
5:01 of 3rd period - Max Domi is hit by Marcus Kruger and loses puck.
5:06 of 3rd period - Shot by Robby Fabbri.
5:06 of 3rd period - Shot Blocked by Brandon Carlo.
5:09 of 3rd period - Minor Penalty to Deryk Engelland for Interference.
5:10 of 3rd period - Matt Cullen wins face-off versus Evgeny Kuznetsov in Avalanche zone.
5:19 of 3rd period - Shot by Erik Karlsson.
5:19 of 3rd period - Shot Misses the Net.
5:56 of 3rd period - Icing by Mattias Ekholm.
5:57 of 3rd period - Adam Henrique wins face-off versus Matt Cullen in Canucks zone.
6:08 of 3rd period - Mattias Ekholm is hit by Alexandre Burrows and loses puck.
7:05 of 3rd period - Shot by Evgeny Kuznetsov.
7:05 of 3rd period - Shot Misses the Net.
7:27 of 3rd period - Shot by Ryan Strome.
7:27 of 3rd period - Stopped by Jake Allen without a rebound.
7:27 of 3rd period - Minor Penalty to Sami Vatanen for Hooking.
7:28 of 3rd period - Dylan Larkin wins face-off versus Evgeny Kuznetsov in Avalanche zone.
8:15 of 3rd period - Off-side.
8:16 of 3rd period - Adam Henrique wins face-off versus Alexander Steen in neutral zone.
8:27 of 3rd period - Shot by Erik Karlsson.
8:27 of 3rd period - Stopped by Jake Allen without a rebound.
8:28 of 3rd period - Matt Cullen wins face-off versus Evander Kane in Avalanche zone.
8:36 of 3rd period - Icing by Evander Kane.
8:37 of 3rd period - Evander Kane wins face-off versus Alexandre Burrows in Canucks zone.
9:32 of 3rd period - Shot by Robby Fabbri.
9:32 of 3rd period - Stopped by Jake Allen without a rebound.
9:33 of 3rd period - Marcus Kruger wins face-off versus David Krejci in Avalanche zone.
9:36 of 3rd period - Shot by Robby Fabbri.
9:36 of 3rd period - Stopped by Jake Allen without a rebound.
9:37 of 3rd period - Martin Hanzal wins face-off versus Brayden Point in Avalanche zone.
9:44 of 3rd period - Alex Pietrangelo is hit by Martin Hanzal.
9:45 of 3rd period - Icing by Alex Pietrangelo.
9:46 of 3rd period - Brayden Point wins face-off versus Tomas Hertl in Canucks zone.
9:46 of 3rd period - Brayden Point is hit by Max Domi.
10:04 of 3rd period - Shot by Erik Karlsson.
10:04 of 3rd period - Shot Blocked by Jaccob Slavin.
10:18 of 3rd period - Shot by Max Domi.
10:18 of 3rd period - Stopped by Devan Dubnyk with a rebound.
10:47 of 3rd period - Icing by Mitch Marner.
10:48 of 3rd period - Martin Hanzal wins face-off versus Adam Henrique in Avalanche zone.
10:50 of 3rd period - Icing by Alexander Steen.
10:51 of 3rd period - Martin Hanzal wins face-off versus Adam Henrique in Avalanche zone.
11:11 of 3rd period - Shot by Alexander Steen.
11:11 of 3rd period - Stopped by Devan Dubnyk without a rebound.
11:12 of 3rd period - David Krejci wins face-off versus Evgeny Kuznetsov in Canucks zone.
11:31 of 3rd period - Matt Duchene is hit by David Krejci and loses puck.
11:52 of 3rd period - Shot by Mats Zuccarello.
11:52 of 3rd period - Shot Hit the Post.
11:54 of 3rd period - Shot by Mats Zuccarello.
11:54 of 3rd period - Shot Blocked by Erik Karlsson.
12:12 of 3rd period - Shot by Martin Hanzal.
12:12 of 3rd period - Stopped by Devan Dubnyk without a rebound.
12:13 of 3rd period - Chris Kreider wins face-off versus Tomas Hertl in Canucks zone.
12:49 of 3rd period - Dylan Larkin is hit by Cody Ceci and loses puck.
13:17 of 3rd period - Off-side.
13:18 of 3rd period - Marcus Kruger wins face-off versus David Krejci in neutral zone.
13:23 of 3rd period - Jaccob Slavin is hit by Robby Fabbri and loses puck.
13:40 of 3rd period - Shot by Logan Shaw.
13:40 of 3rd period - Shot Hit the Post.
13:42 of 3rd period - Shot by Nathan Beaulieu.
13:42 of 3rd period - Shot Misses the Net.
14:06 of 3rd period - Shot by Brayden Point.
14:06 of 3rd period - Shot Blocked by Kevin Shattenkirk.
14:30 of 3rd period - Shot by Evander Kane.
14:30 of 3rd period - Stopped by Jake Allen with a rebound.
14:46 of 3rd period - Shot by Martin Hanzal.
14:46 of 3rd period - Stopped by Devan Dubnyk with a rebound.
14:48 of 3rd period - Shot by Alexander Steen.
14:48 of 3rd period - Shot Misses the Net.
14:56 of 3rd period - Shot by Mitch Marner.
14:56 of 3rd period - Deflect By Alexander Steen.
14:56 of 3rd period - Shot Blocked by Erik Karlsson.
14:58 of 3rd period - Shot by Martin Hanzal.
14:58 of 3rd period - Goal by Martin Hanzal - Canucks : 2 - Avalanche : 5.
14:59 of 3rd period - Tomas Hertl wins face-off versus Evgeny Kuznetsov in neutral zone.
15:01 of 3rd period - Off-side.
15:02 of 3rd period - Evgeny Kuznetsov wins face-off versus Tomas Hertl in neutral zone.
15:05 of 3rd period - Shot by Matt Duchene.
15:05 of 3rd period - Deflect By Evgeny Kuznetsov.
15:05 of 3rd period - Stopped by Jake Allen without a rebound.
15:06 of 3rd period - Max Domi wins face-off versus Patrick Marleau in Avalanche zone.
15:30 of 3rd period - Icing by Matt Duchene.
15:31 of 3rd period - Mitch Marner wins face-off versus Evgeny Kuznetsov in Canucks zone.
15:43 of 3rd period - Off-side.
15:44 of 3rd period - Adam Henrique wins face-off versus David Krejci in neutral zone.
15:47 of 3rd period - Shot by Erik Karlsson.
15:47 of 3rd period - Stopped by Jake Allen without a rebound.
15:48 of 3rd period - Martin Hanzal wins face-off versus Chris Kreider in Avalanche zone.
16:03 of 3rd period - Shot by Adam Henrique.
16:03 of 3rd period - Stopped by Jake Allen without a rebound.
16:04 of 3rd period - Tomas Hertl wins face-off versus Evgeny Kuznetsov in Avalanche zone.
16:33 of 3rd period - Shot by Matt Duchene.
16:33 of 3rd period - Shot Misses the Net.
16:35 of 3rd period - Shot by Matt Duchene.
16:35 of 3rd period - Stopped by Jake Allen without a rebound.
16:36 of 3rd period - Alexander Steen wins face-off versus Adam Henrique in Avalanche zone.
16:43 of 3rd period - Icing by Jaccob Slavin.
16:44 of 3rd period - Martin Hanzal wins face-off versus Adam Henrique in Avalanche zone.
16:44 of 3rd period - Minor Penalty to Jonathan Marchessault for Slashing.
16:45 of 3rd period - Adam Henrique wins face-off versus Martin Hanzal in Canucks zone.
16:57 of 3rd period - Icing by Derek Stepan.
16:58 of 3rd period - Mitch Marner wins face-off versus Adam Henrique in Avalanche zone.
19:01 of 3rd period - Shot by Evgeny Kuznetsov.
19:01 of 3rd period - Shot Misses the Net.
19:03 of 3rd period - Shot by Patrick Marleau.
19:03 of 3rd period - Shot Blocked by Deryk Engelland.
19:29 of 3rd period - Icing by Deryk Engelland.
19:30 of 3rd period - Marcus Kruger wins face-off versus Tomas Hertl in Avalanche zone.
19:38 of 3rd period - Icing by Brandon Carlo.
19:39 of 3rd period - Tomas Hertl wins face-off versus Brayden Point in Avalanche zone.
Goals for this period are 0 for Canucks vs 2 for Avalanche.
Shots for this period are 11 for Canucks vs 11 for Avalanche.